 Dungeon Crawl Stone Soup version 0.29.0-4-gdea44cf6ec (webtiles) character file.

Game seed: 8825520391740065037

22 qw the Sneak (level 2, 0/23 HPs)
             Began as a Ghoul Enchanter on Sept 5, 2022.
             Slain by Terence
             ... wielding a +0 flail
              (2 damage)
             ... on level 2 of the Dungeon.
             The game lasted 00:00:29 (1252 turns).

qw the Sneak (Ghoul Enchanter)                      Turns: 1252, Time: 00:00:29

Health: 0/23       AC:  7    Str: 11    XL:     2   Next: 91%
Magic:  3/3        EV: 10    Int: 10    God:
Gold:   12         SH:  0    Dex: 12    Spells: 4/4 levels left

rFire   . . .      SeeInvis .     - Unarmed
rCold   + + .      Faith    .   (no shield)
rNeg    + + +      Spirit   .   a - +0 ring mail
rPois   inf        Reflect  .   (no helmet)
rElec   .          Harm     .   (no cloak)
rCorr   .          Rampage  .   b - +1 pair of gloves "Ycoe" {Dex+3}
Will    .....                   (no boots)
Stlth   ++........              (no amulet)
HPRegen 0.00/turn               f - ring of protection from cold
MPRegen 0.08/turn               (no ring)

@: inhibited regen
A: claws 1, cold resistance 1, negative energy resistance 3, inhibited
regeneration, torment resistance 2, devour on kill
a: no special abilities


You were on level 2 of the Dungeon.
You visited 1 branch of the dungeon, and saw 2 of its levels.

You collected 12 gold pieces.


Innate Abilities, Weirdness & Mutations

You are immune to poison.
You have sharp fingernails.
Your flesh is cold resistant. (rC+)
You are immune to negative energy. (rN+++)
You do not regenerate when monsters are visible.
You are immune to unholy pain and torment.
You thrive by killing the living.


   Skills:
 - Level 1.1 Fighting
 - Level 0.8 Short Blades
 - Level 1.7 Dodging
 - Level 3.2 Stealth
 + Level 2.2 Unarmed Combat
 - Level 1.7 Spellcasting
 - Level 2.4 Hexes


You had 4 spell levels left.
You didn't know any spells.
Your spell library contained the following spells:

 Spells                   Type           Power      Damage    Failure   Level
 Ensorcelled Hibernation  Hex/Ice        6%         N/A       58%         2
 Confusing Touch          Hex            5%         N/A       65%         3
 Tukima's Dance           Hex            5%         N/A       65%         3
 Dazzling Flash           Conj/Hex       6%         N/A       82%         3

Inventory:

Armour
 a - a +0 ring mail (worn)
 b - the +1 pair of gloves "Ycoe" (worn) {Dex+3}
   (You acquired it on level 1 of the Dungeon)

   Dex:       It affects your dexterity (+3).
Jewellery
 f - a ring of protection from cold (left hand)
Scrolls
 c - a scroll of poison {unknown}
 i - a scroll of identify
Potions
 d - a potion of degeneration {unknown}
 h - a potion of mutation {unknown}

Dungeon Overview and Level Annotations

Branches:
Dungeon (2/15)

Altars:

Annotations:
D:2 Terence


Message History

The hobgoblin shouts!
You hit the hobgoblin.
The hobgoblin is moderately wounded.
You hit the hobgoblin.
The hobgoblin is severely wounded.
The hobgoblin hits you but does no damage.
You hit the hobgoblin but do no damage.
The hobgoblin is severely wounded.
The hobgoblin hits you but does no damage.
You hit the hobgoblin but do no damage.
The hobgoblin is severely wounded.
The hobgoblin hits you.
Terence the Incautious comes into view.
He is wielding a +0 flail.
You closely miss the hobgoblin.
The hobgoblin is severely wounded.
The hobgoblin hits you but does no damage.
You hit the hobgoblin.
You kill the hobgoblin!
You start resting.
Terence is nearby!
Terence shouts!
You hit Terence.
Terence is lightly wounded.
Terence hits you with a +0 flail!
You closely miss Terence.
Terence is lightly wounded.
Terence hits you with a +0 flail.
You hit Terence but do no damage.
Terence is lightly wounded.
Terence hits you with a +0 flail.
You hit Terence but do no damage.
Terence is lightly wounded.
Terence hits you with a +0 flail.
You hit Terence but do no damage.
Terence is lightly wounded.
Terence hits you with a +0 flail.
You barely miss Terence.
Terence is lightly wounded.
Terence hits you with a +0 flail.
You die...

#.# ..# #.#
#.# ##.#
#..#
##..#####
####.......#
#@...#####.#
......@.####
#.#
........#
#.#####
........#
#.#...#
........#
#.#.#.#
........#
#.#.#.#
........#
#.#.#.#
.>#######
#.#.#.#
#.#.#.#


You could see Terence.

Vanquished Creatures
  3 ball pythons (D:1)
  2 bats (D:1)
  An endoplasm (D:1)
  A giant cockroach (D:1)
  2 goblins (D:1)
  3 hobgoblins
  A kobold (D:1)
  2 quokkas (D:1)
  4 rats (D:1)
19 creatures vanquished.

Notes
Turn   | Place    | Note
-------+----------+-------------------------------------------
     0 | D:1      | qw the Ghoul Enchanter began the quest for the Orb.
     0 | D:1      | Reached XP level 1. HP: 14/14 MP: 2/2
     0 | D:1      | 0 ||| qw: Version: 0.1-a-104-g96f76f8
     0 | D:1      | 0 ||| qw: Game counter: 5824
     0 | D:1      | 0 ||| qw: Always use a shield: true
     0 | D:1      | 0 ||| qw: God list: Okawaru
     0 | D:1      | 0 ||| qw: Allow faded altars: false
     0 | D:1      | 0 ||| qw: Do Orc after D:15 true
     0 | D:1      | 0 ||| qw: Do second Lair branch before Depths: true
     0 | D:1      | 0 ||| qw: Lair rune preference: random
     0 | D:1      | 0 ||| qw: Plans: Normal
     0 | D:1      | 0 ||| PLANNING D:1-11
     1 | D:1      | 1 ||| DROPPING +1 dagger.
   126 | D:1      | HP: 3/14 [ball python (2)]
   128 | D:1      | Reached skill level 1 in Unarmed Combat
   341 | D:1      | Found a faded altar of an unknown god.
   348 | D:1      | 348 ||| Stepping ~*~*~tactically~*~*~ (stealth).
   361 | D:1      | Reached XP level 2. HP: 15/22 MP: 3/3
   363 | D:1      | Reached skill level 1 in Fighting
  1121 | D:1      | 1121 ||| UPGRADING to +0 ring mail.
  1131 | D:1      | 1131 ||| DROPPING +0 robe.
  1132 | D:1      | 1132 ||| UPGRADING to ring of protection from cold.
  1133 | D:1      | 1133 ||| READING scroll labelled JISUSA HYVVE.
  1133 | D:1      | Identified a scroll of acquirement
  1133 | D:1      | 1133 ||| ACQUIRING +1 pair of gloves "Ycoe" {Dex+3}
  1133 | D:1      | Acquired the +1 pair of gloves "Ycoe" {Dex+3}
  1135 | D:1      | 1135 ||| UPGRADING to +1 pair of gloves "Ycoe" {Dex+3}.
  1140 | D:1      | 1140 ||| READING 2 scrolls labelled WALODU DAACH.
  1141 | D:1      | 1141 ||| READING scroll labelled KEURICZA TANN.
  1142 | D:1      | 1142 ||| READING scroll labelled EPUNIA LENIR.
  1143 | D:1      | 1143 ||| DROPPING 2 potions of invisibility.
  1232 | D:2      | Noticed Terence
  1250 | D:2      | HP: 4/23 [Terence/+0 flail (5)]
  1252 | D:2      | Slain by Terence

Levels and vault maps discovered:
D:1:      zelgadis_glass_arrival_small, layout_basic,
          ebering_ecumenical_altar_petrified, st_stairs_7
D:2:      layout_basic, serial_shops, nicolae_shop_stone,
          minmay_small_reverse_x, uniq_terence, uniq_jessica

Skill      XL: |  1  2 |
---------------+-------+-----
Unarmed Combat | 1 2 |  2.2
Fighting       | 1 |  1.1
Short Blades   | |  0.8
Dodging        | |  1.7
Stealth        | |  3.2
Spellcasting   | |  1.7
Hexes          | |  2.4

Action                   || total
-------------------------++-------
Melee: Unarmed           ||    74
  Use: Scroll            ||     4
Armor: Robe              ||    10
       Ring mail         ||     3
Dodge: Dodged            ||    30

Table legend:
 A = Non-vault XP
 B = Vault XP
 C = Vault XP percentage of total XP
 D = Non-vault monster count
 E = Vault monster count
 F = Vault count percentage of total count
                 A         B        C        D         E       F
            +---------+---------+-------+---------+---------+-------
      Total |      29 |       3 |   9.4 |      17 |       2 |  10.5
            +---------+---------+-------+---------+---------+-------
        D:1 |      27 |       3 |  10.0 |      16 |       2 |  11.1
        D:2 |       2 |       0 |   0.0 |       1 |       0 |   0.0
            +---------+---------+-------+---------+---------+-------
